 Dungeon Crawl Stone Soup version 0.30-a0-322-g102857c98e (webtiles) character file.

Game seed: 10604086947902470762

2 hikkokomori the Chiller (level 1, -1/14 HPs)
             Began as a Demigod Ice Elementalist on Oct 28, 2022.
             Killed from afar by a dart slug (6 damage)
             ... with a slug dart
             ... on level 1 of the Dungeon.
             The game lasted 00:00:24 (75 turns).

hikkokomori the Chiller (Demigod Ice Elementalist)    Turns: 75, Time: 00:00:24

Health: -1/14      AC:  2    Str:  9    XL:     1   Next: 20%
Magic:  0/5        EV: 12    Int: 17    God:
Gold:   15         SH:  0    Dex: 14    Spells: 2/3 levels left

rFire   . . .      SeeInvis .    (no weapon)
rCold   . . .      Faith    .    (no shield)
rNeg    . . .      Spirit   .    a - +0 robe
rPois   .          Reflect  .    (no helmet)
rElec   .          Harm     .    (no cloak)
rCorr   .          Rampage  .    (no gloves)
Will    .....                    (no boots)
Stlth   ++........               (no amulet)
HPRegen 0.22/turn                (no ring)
MPRegen 0.09/turn                (no ring)

@: no status effects
A: high MP 1, forlorn, divine attributes
a: no special abilities


You were on level 1 of the Dungeon.
You visited 1 branch of the dungeon, and saw 1 of its levels.

You collected 15 gold pieces.

Inventory:

Armour
 a - a +0 robe (worn)
Potions
 b - a potion of magic
 c - a potion of curing {unknown}


   Skills:
 - Level 1.7 Dodging
 - Level 1.7 Stealth
 + Level 1.8 Spellcasting
 * Level 3.6 Ice Magic


You had 2 spell levels left.
You knew the following spells:

 Your Spells              Type           Power      Damage    Failure   Level
a - Freeze                Ice            56%        1d7       4%          1

Your spell library contained the following spells:

 Spells                   Type           Power      Damage    Failure   Level
 Frozen Ramparts          Ice            28%        1d5       13%         3
 Ozocubu's Armour         Ice            14%        N/A       13%         3
 Summon Ice Beast         Ice/Summ       7%         N/A       67%         4


Dungeon Overview and Level Annotations

Branches:
Dungeon (1/15)


Innate Abilities, Weirdness & Mutations

You have an increased reservoir of magic. (+10% MP)
You shall have no god before yourself.
Your divine heritage dramatically boosts your attributes as you level up.


Message History

Found a silvery potion.
Found a staircase leading out of the dungeon.
Okay, then.
c - a silvery potion You now have 15 gold pieces.
There is a shaft here.
A hobgoblin and a goblin come into view.
There are monsters nearby!
There are monsters nearby!
The hobgoblin shouts!
The goblin shouts!
You hear a shout!
A goblin and a dart slug come into view.
The goblin attacks as you move away! The goblin completely misses you.
Casting: Freeze (safe; 4% risk of failure)
Confirm with . or Enter, or press ? or * to list all spells.
Aiming: Freeze (safe; 4% risk of failure)
Press: ? - help, Shift-Dir - straight line, f - goblin
Aim: a goblin, wielding a +0 club You freeze the goblin.
You kill the goblin!
The goblin shouts!
You freeze the hobgoblin.
The hobgoblin is heavily wounded.
The hobgoblin barely misses you.
You freeze the hobgoblin.
The hobgoblin is almost dead.
The hobgoblin hits you but does no damage.
You freeze the hobgoblin.
You kill the hobgoblin!
The dart slug launches a dart at you. The slug dart hits you.
There are monsters nearby!
The goblin hits you with a +0 dagger.
You see here a +0 club.
You freeze the dart slug.
The dart slug is lightly wounded.
The dart slug launches a dart at you. The slug dart hits you.
The goblin hits you but does no damage. The dart slug launches a dart at you.
The slug dart hits you.
You die...

## #### ..##... .......
....... ....... #####
##### ## ....... #...
#...# #. .......##.#
#####.#.#####. ......gw..#
#<#...#...#...
.......##@###.#.#####.#.#.
....... #...#...# #.....#.
..##... ###^#######.######
# ###. #.....#.....# #.
#####.#.###.# .. #...# ...
.. ###.###.#.# #.....#...
####### #.


You could see a dart slug and a goblin.

Vanquished Creatures
  A hobgoblin (D:1)
  A goblin (D:1)
2 creatures vanquished.

Notes
Turn   | Place    | Note
-------+----------+-------------------------------------------
     0 | D:1      | hikkokomori the Demigod Ice Elementalist began the quest
                  | for the Orb.
     0 | D:1      | Reached XP level 1. HP: 14/14 MP: 5/5
    75 | D:1      | Killed from afar by a dart slug

Illustrated notes

Levels and vault maps discovered:
D:1:      elethiomel_arrival_maze, layout_rooms,
          hellmonk_ecumenical_altar_inner_sanctum, interstate_on_off

Action                   || total
-------------------------++-------
 Cast: Freeze            ||     5
Armor: Robe              ||     2
Dodge: Dodged            ||     2

Table legend: (Time is in decaauts)
 A = Elapsed time spent in this place.
 B = Non-inter-level travel time spent in this place.
 C = Inter-level travel time spent in this place.
 D = Time resting spent in this place.
 E = Time spent auto-exploring this place.
 F = Levels seen in this place.
 G = Mean time per level.
                   A        B        C        D        E       F      G
               +--------+--------+--------+--------+--------+-----+--------+
         Total |     75 |     75 |      0 |      0 |     62 |   1 |   75.0 |
       Dungeon |     75 |     75 |      0 |      0 |     62 |   1 |   75.0 |
               +--------+--------+--------+--------+--------+-----+--------+

Top non-repeatable levels by time:
     D:1: 75 daAuts
